 Dungeon Crawl Stone Soup version 0.22-a0-353-g2d6336e (webtiles) character file.

171 Amnesiac the Magician (level 5, 0/24 HPs)
             Began as a Spriggan Earth Elementalist on Apr 15, 2018.
             Slain by a hound (1 damage)
             ... while paralysed by Grinder
             ... on level 5 of the Dungeon.
             The game lasted 00:04:28 (1453 turns).

Amnesiac the Magician (Spriggan Earth Elementalist) Turns: 1453, Time: 00:04:28

Health: 0/24       AC:  2    Str:  8    XL:     5   Next: 26%
Magic:  4/12       EV:  4    Int: 17    God:
Gold:   47         SH:  0    Dex: 17    Spells: 6/13 levels left

rFire    . . .     SeeInvis +   e - +0 dagger
rCold    . . .     Gourm    .   (shield restricted)
rNeg     . . .     Faith    .   c - +0 robe
rPois    .         Spirit   .   (helmet restricted)
rElec    .         Reflect  .   (no cloak)
rCorr    .         Harm     .   (gloves unavailable)
MR       .....                  (boots unavailable)
Stlth    ++........             (no amulet)
HPRegen  0.08/turn              h - +4 ring of strength
MPRegen  0.13/turn              (no ring)

@: paralysed, very quick
A: very small, unfitting armour, see invisible, herbivore, speed 3, slow
metabolism 2
a: no special abilities


You were on level 5 of the Dungeon.
You were not hungry.

You visited 1 branch of the dungeon, and saw 5 of its levels.

You collected 47 gold pieces.

Inventory:

Hand Weapons
 e - a +0 dagger (weapon)
Missiles
 b - 44 stones (quivered)
Armour
 c - a +0 robe (worn)
Jewellery
 h - a +4 ring of strength (left hand)
Scrolls
 a - 2 scrolls of identify {!r, unknown}
 g - a scroll of teleportation {!r, unknown}
Potions
 f - a potion of lignification {!q, unknown}
 i - a potion of haste {!q, unknown}
Comestibles
 d - 4 rations


   Skills:
 - Level 1.0 Short Blades
 - Level 3.0 Dodging
 - Level 3.0 Stealth
 - Level 4.5 Spellcasting
 + Level 3.3 Transmutations
 - Level 4.0 Earth Magic


You had 6 spell levels left.
You knew the following spells:

 Your Spells              Type           Power        Failure   Level  Hunger
a - Sandblast             Erth           ###...       3%          1    None
b - Passwall              Tmut/Erth      ###.......   4%          2    ##.....
e - Petrify               Tmut/Erth      ###.....     32%         4    ####...


Dungeon Overview and Level Annotations

Branches:
Dungeon (5/15)
 Temple: D:4-7

Altars:
Cheibriados
Vehumet
Zin
The Shining One

Shops:
D:5 *:

Annotations:
D:5 Grinder


Innate Abilities, Weirdness & Mutations

You are very small and have problems with some larger weapons.
You are too small for most types of armour.
You have supernaturally acute eyesight. (SInv)
You are a herbivore.
You cover ground extremely quickly.
You need to consume almost no food.


Message History

Casting: Sandblast (safe; 3% risk of failure)
Confirm with . or Enter, or press ? or * to list all spells.
Aiming: Sandblast (safe; 3% risk of failure)
Press: ? - help, Shift-Dir - straight line, f/p - orc
Aim: an orc, wielding a whip and wearing a ring mail The blast of sand hits the orc.
b - 46 stones The orc barely misses you.
Casting: Sandblast (safe; 3% risk of failure)
Confirm with . or Enter, or press ? or * to list all spells.
You don't have enough magic to cast that spell.
Things that are here:
a dagger; a robe; an orc corpse
There is a stone staircase leading down here.
Casting: Sandblast (safe; 3% risk of failure)
Confirm with . or Enter, or press ? or * to list all spells.
You can't see any susceptible monsters within range! (Use Z to cast anyway.)
Casting: Sandblast (safe; 3% risk of failure)
Confirm with . or Enter, or press ? or * to list all spells.
You can't see any susceptible monsters within range! (Use Z to cast anyway.)
Casting: Sandblast (safe; 3% risk of failure)
Confirm with . or Enter, or press ? or * to list all spells.
Aiming: Sandblast (safe; 3% risk of failure)
Press: ? - help, Shift-Dir - straight line, f/p - orc
Aim: an orc, wielding a whip and wearing a ring mail The blast of sand hits the orc.
You kill the orc!
b - 45 stones
Casting: Sandblast (safe; 3% risk of failure)
Confirm with . or Enter, or press ? or * to list all spells.
You can't see any susceptible monsters within range! (Use Z to cast anyway.) Unknown command.
Things that are here:
a whip; a ring mail; an orc corpse You start resting.
You hear the brisk hiss of a very distant avalanche of sand.
There is a stone staircase leading down here.
You climb downwards.
A hound and Grinder come into view.
There is a stone staircase leading up here.
Casting: Sandblast (safe; 3% risk of failure)
Confirm with . or Enter, or press ? or * to list all spells.
Aiming: Sandblast (safe; 3% risk of failure)
Press: ? - help, Shift-Dir - straight line, f - hound
Aim: a hound The blast of sand hits the hound.
The hound is lightly wounded.
b - 44 stones Grinder shouts!
Grinder gestures at you.
You suddenly lose the ability to move!
The hound bites you.
* * * LOW HITPOINT WARNING * * *
The hound bites you.
* * * LOW HITPOINT WARNING * * *
The hound bites you.
* * * LOW HITPOINT WARNING * * *
The hound bites you.
* * * LOW HITPOINT WARNING * * *
Grinder blinks!
The hound bites you.
* * * LOW HITPOINT WARNING * * *
The ball python hisses angrily.
The hound bites you.
You die...

#....h.###..#
###.##...# ....
#.........o..
...###....o.
#...# ....o.
##..# ....?.
##.# .....
#.####.....
#..@.......
#....h...S§...
#..#..........
......###......
# #.#. .#.###
#.... .....
#..## .###. #.
..


You could see a hound and a ball python.

Vanquished Creatures
  A howler monkey (D:4)
  A crimson imp (D:4)
  An orc wizard (D:4)
  A worker ant (D:4)
  A gnoll (D:1)
  An adder (D:2)
  A worm (D:2)
  A dart slug (D:2)
  A leopard gecko (D:3)
  3 orcs (D:4)
  2 giant cockroaches
  3 goblins
  A hobgoblin (D:3)
  5 jackals
  A quokka (D:3)
  A ball python (D:3)
  A bat (D:2)
  A jackal skeleton (D:4)
  A rat (D:3)
28 creatures vanquished.

Notes
Turn   | Place    | Note
-------+----------+-------------------------------------------
     0 | D:1      | Amnesiac the Spriggan Earth Elementalist began the quest for the Orb.
     0 | D:1      | Reached XP level 1. HP: 9/9 MP: 5/5
    81 | D:2      | Reached XP level 2. HP: 13/13 MP: 4/7
    88 | D:2      | Learned a level 2 spell: Passwall
   368 | D:3      | Reached XP level 3. HP: 15/16 MP: 1/8
   679 | D:2      | Found a glowing golden altar of the Shining One.
   699 | D:2      | Reached skill level 1 in Short Blades
   936 | D:4      | Reached XP level 4. HP: 21/21 MP: 6/10
   947 | D:4      | Learned a level 4 spell: Petrify
   962 | D:5      | Entered Level 5 of the Dungeon
   962 | D:5      | Found Yqinifiw's Assorted Antiques.
  1002 | D:5      | Found Yfined's Book Emporium.
  1198 | D:4      | Reached XP level 5. HP: 21/24 MP: 0/12
  1260 | D:4      | Found a radiant altar of Vehumet.
  1263 | D:4      | Found a glowing silver altar of Zin.
  1265 | D:4      | Found a snail-covered altar of Cheibriados.
  1448 | D:5      | Noticed Grinder
  1449 | D:5      | Paralysed by Grinder for 7 turns
  1452 | D:5      | HP: 1/24 [hound (1)]
  1453 | D:5      | Slain by a hound

Vault maps used:
D:1:      saegor_arrival_simple_d, minmay_misc_feat_cross
D:2:      tso_altar, uniq_crazy_yiuf_cottage
D:4:      grunt_temple_overflow_diamond, nicolae_ossuary_entry_catacombs,
          first_ration, kennysheep_slug_shrine
D:5:      serial_shops, nicolae_shop_behind_doors, nicolae_shop_crystal, shop,
          kennysheep_mini, nicolae_shop_window_shopping, uniq_grinder

Skill      XL: |  1  2  3  4  5 |
---------------+----------------+-----
Spellcasting   | 3 4 |  4.5
Earth Magic    | 3 4 |  4.0
Short Blades   | 1 |  1.0
Transmutations | 2 3 |  3.3
Dodging        | |  3.0
Stealth        | |  3.0

Action                   |  1- 3 |  4- 6 || total
-------------------------+-------+-------++-------
Melee: Dagger            |    28 |     7 ||    35
 Cast: Sandblast         |    24 |    39 ||    63
       Passwall          |     2 |     2 ||     4
 Stab: Sleeping          |     3 |       ||     3
Armor: Robe              |     2 |     4 ||     6
Dodge: Dodged            |    35 |    30 ||    65

Table legend:
 A = Spawn XP
 B = Non-spawn XP
 C = Spawn XP percentage of total XP
 D = Spawn monster count
 E = Non-spawn monster count
 F = Spawn count percentage of total count
 G = Total turns spent on level
                    A         B        C        D         E        F      G
               +---------+---------+-------+---------+---------+-------+---------
         Total |       0 |     245 |   0.0 |       0 |      28 |   0.0 |  1453
               +---------+---------+-------+---------+---------+-------+---------
           D:1 |       0 |      16 |   0.0 |       0 |       2 |   0.0 |   209
           D:2 |       0 |      29 |   0.0 |       0 |       7 |   0.0 |   458
           D:3 |       0 |      17 |   0.0 |       0 |       9 |   0.0 |   228
           D:4 |       0 |     181 |   0.0 |       0 |       9 |   0.0 |   493
           D:5 |       0 |       2 |   0.0 |       0 |       1 |   0.0 |    65
               +---------+---------+-------+---------+---------+-------+---------
